 Dungeon Crawl Stone Soup version 0.19.0 (webtiles) character file.

56 Danakh the Skirmisher (level 3, 0/29 HPs)
             Began as a Demonspawn Fighter on Nov 9, 2016.
             Was an Initiate of Okawaru.
             Slain by an adder (2 damage)
             ... on level 2 of the Dungeon.
             The game lasted 00:02:04 (1321 turns).

Danakh the Skirmisher (Demonspawn Fighter)          Turns: 1321, Time: 00:02:04

Health: 0/29       AC:  6    Str: 17    XL:     3   Next: 71%
Magic:  3/3        EV:  7    Int:  9    God:    Okawaru [......]
Gold:   93         SH:  9    Dex: 12    Spells: 0 memorised, 2 levels left

rFire  . . .     SeeInvis .     a - +0 war axe
rCold  + . .     Gourm    .     b - +0 scale mail
rNeg   . . .     Faith    .     c - +0 shield
rPois  .         Spirit   .     (no helmet)
rElec  .         Reflect  .     (no cloak)
rCorr  .         Harm     .     (no gloves)
MR     .....                    (no boots)
Stlth  ..........               (no amulet)
                                (no ring)
                                (no ring)

@: lethally poisoned (0 -> -2)
A: cold resistance 1
a: Renounce Religion


You were on level 2 of the Dungeon.
You worshipped Okawaru.
Okawaru was noncommittal.
You were not hungry.

You visited 1 branch of the dungeon, and saw 2 of its levels.

You collected 93 gold pieces.

Inventory:

Hand Weapons
 a - a +0 war axe (weapon)
Armour
 b - a +0 scale mail (worn)
 c - a +0 shield (worn)
Scrolls
 e - a scroll of fog {unknown}
 g - 2 scrolls of teleportation {unknown}
 j - 2 scrolls of identify {unknown}
 m - a scroll of amnesia {unknown}
Potions
 d - 3 potions of might
 h - a potion of brilliance {unknown}
 k - a potion of curing {unknown}
 l - a potion of mutation {unknown}
Comestibles
 f - 2 bread rations
 i - a slice of pizza


   Skills:
 + Level 3.2 Fighting
 * Level 2.7 Axes
 + Level 3.1 Armour
 + Level 3.1 Shields


You had 2 spell levels left.
You didn't know any spells.

Dungeon Overview and Level Annotations

Branches:
Dungeon (2/15)

Altars:
Okawaru
Yredelemnul


Innate Abilities, Weirdness & Mutations

Your flesh is cold resistant. (rC+)


Message History

You block the goblin's attack. The adder closely misses you.
You barely miss the adder.
The adder is moderately wounded.
You slash the goblin!
You kill the goblin!
You block the adder's attack.
You closely miss the adder.
The adder is moderately wounded.
You hit the worm but do no damage.
You feel sick. You block the adder's attack. x2
You hit the adder.
The adder is heavily wounded.
You hit the worm. The adder bites you.
* * * LOW HITPOINT WARNING * * *
You block the worm's attack. The adder bites you but does no damage.
You miss the adder.
The adder is heavily wounded.
You hit the worm.
* * * LOW HITPOINT WARNING * * *
You feel sick. The adder bites you.
You die...

..#.##.##..............#####..###
.......##...##..######.##........
..###.###.......# #.##.##..###
..# #.# #.###..## #.##.##..###
... #.# #... ..# #...........
...##<# ####. .# ###.....###.
......# #.. #..#.## ## ##.####
#...####### #..#.# # .#
#...w@S...# #..#.# ###
#...#####.# #..#.# #..
............###....###..
.................#...... ###
........#....##.##..
..########>.....##.. .
#..P.P.#### #..._..# #..P.P.#


You could see a worm and an adder.

Vanquished Creatures
  Ijyb (D:2)
  A dart slug (D:2)
  2 bats
  2 giant cockroaches
  7 goblins (D:2)
  2 hobgoblins (D:2)
  3 jackals
  A ball python (D:1)
  4 kobolds
  3 rats
26 creatures vanquished.

Notes
Turn   | Place    | Note
-------+----------+-------------------------------------------
     0 | D:1      | Danakh the Demonspawn Fighter began the quest for the Orb.
     0 | D:1      | Reached XP level 1. HP: 18/18 MP: 1/1
   922 | D:1      | Gained mutation: Your flesh is cold resistant. (rC+) [demonic ancestry]
   922 | D:1      | Reached XP level 2. HP: 24/24 MP: 2/2
  1068 | D:2      | Noticed Ijyb
  1087 | D:2      | Killed Ijyb
  1087 | D:2      | Reached XP level 3. HP: 22/29 MP: 3/3
  1233 | D:2      | Found an iron altar of Okawaru.
  1236 | D:2      | Became a worshipper of Warmaster Okawaru
  1280 | D:2      | Found a basalt altar of Yredelemnul.
  1321 | D:2      | Slain by an adder

Skill      XL: |  1  2 |
---------------+-------+-----
Axes           | 2 |  2.7
Armour         | 3 |  3.1
Shields        | 3 |  3.1
Fighting       | |  3.2

Action                   || total
-------------------------++-------
Melee: War axe           ||    89
  Eat: Chunk             ||     1
Armor: Scale mail        ||    46
Dodge: Dodged            ||    27
Block: Shield            ||    49
